Unix NetHack Version 5.0.0-0 post-release - last build Jun 10 2026 00:39:30 (3ee93aec679c4c4259841fe613dc97188e26a321,branch:main).

Game began 2026-06-13 05:36:42, ended 2026-06-19 06:35:09.

Galadhan1, lawful female dwarven Valkyrie

          -------------------------
         --.......................--
        --.......@.@...............--
       --.........@@@..............O--
      --.........HH@@..q.......:.....--
     --........}}}}}}}}}}}}}}W........--
    --........}}}}}}}}}}}}}}}}}...d...@|
    -......<.}}}}}}}}}}}}}}}}}}}......?d.......}
   -........}}}}}           }}}}}.............}}}}
  |........}}}}}             }}}}}.!.........}}}}}
  --........}}}              }}}}.............}}}}
   --........}}}            }}}}...............}}}}
    --........}}}           }}}F.......|........}}}}}
     --........}}}        }}}}........---........}}}}}}}}
      --.........%.     ....u........--  -.....u.............
       --...........  ..q...........--    -..........u...........
        --.....................h...--      -.........%...............
         --.......................-         -.......................-
          ------------------------           ------------------------

Galadhan1 the Woman-at-arms  St:18/02 Dx:14 Co:20 In:8 Wi:11 Ch:7  Lawful
Dlvl:12 $:2262 HP:0(112) Pw:16(16) AC:-5 Xp:10 T:14496 

Latest messages:
 The elf-lord throws an elven dagger!
 The elven dagger misses the rothe.
 The elven dagger hits the elf-lady.
 The wraith zaps a wand of sleep!
 The sleep ray hits the elf-lord.
 The sleep ray hits the rothe.
 The sleep ray hits the elf-lady.
 The elf-lord swings his elven bow.
 The elf-lord hits!
 The elf-lord swings his elven bow.
 The elf-lord hits again!
 The elf-lord thrusts his elven spear.
 The elf-lord hits!
 The elf-lord thrusts his elven spear.
 The elf-lord hits again!
 What do you want to read? [klv-xGHK or ?*] *
 As you read the scroll, it disappears.
 You materialize in a different location!
 The elf-lady picks up an elven spear.
 The elf-lady picks up an elven dagger.
 The elf-lord picks up a food ration.
 The elf-lord picks up 8 elven arrows.
 The hill giant picks up a boulder.
 The ogre king zaps a wand of lightning!
 The bolt of lightning whizzes by you!
 You are blinded by the flash!
 Your arm tingles.
 You hear a nearby zap.
 Your arm tingles.
 Your arm tingles.
 The bolt of lightning hits the ogre king!
 Please move the cursor to a monster, object or location.
 (For instructions type a '?')
 Done.
 What do you want to use or apply? [fhjmnsyCEIOY or ?*] *
 Nothing seems to happen.
 You hear a nearby zap.
 The bolt of lightning hits you!
 What do you want to use or apply? [fhjmnsyCEIOY or ?*] *
 You can see again.
 The elf-lord picks up an elven spear.
 The hill giant picks up an elven arrow.
 The ogre king zaps a wand of lightning!
 The bolt of lightning hits you!
 You die...
 Do you want your possessions identified? [ynq] (y) y
 Do you want to see your attributes? [ynq] (y) y
 Do you want an account of creatures vanquished? [ynaq] (y) n
 Do you want to see your conduct and achievements? [ynq] (y) y
 Do you want to see the dungeon overview? [ynq] (y) y

Inventory:
 Coins    ('$')
  $ - 2262 gold pieces
 Amulets  ('"')
  t - an uncursed amulet of guarding named B/U
  N - an uncursed amulet of restful sleep
 Weapons  (')')
  b - 5 +0 daggers (at the ready)
  D - the blessed rustproof +0 Excalibur (weapon in left hand)
 Armor    ('[')
  V - an uncursed +0 dwarvish iron helm (being worn)
  Q - an uncursed +0 pair of leather gloves (being worn)
  W - an uncursed +0 pair of iron shoes (being worn)
  c - an uncursed +3 small shield (being worn)
  p - an uncursed +0 cloak of invisibility
  z - an uncursed +0 cloak of magic resistance
  r - an uncursed +0 elven cloak (being worn)
  d - an uncursed +0 elven mithril-coat (being worn)
 Comestibles  ('%')
  X - an uncursed C-ration
  g - an uncursed food ration
  i - an uncursed lizard corpse
 Scrolls  ('?')
  x - 3 uncursed scrolls of confuse monster
  k - an uncursed scroll of destroy armor
  H - an uncursed scroll of enchant armor
  v - 4 uncursed scrolls of gold detection
  w - an uncursed scroll of identify
  l - 2 uncursed scrolls of light named B/U
  K - an uncursed scroll of stinking cloud
  G - an uncursed scroll of teleportation
 Potions  ('!')
  a - 2 uncursed potions of fruit juice
  T - an uncursed potion of full healing named B/U
  F - a blessed potion of gain energy
  u - an uncursed potion of gain energy
  A - 2 uncursed potions of gain level
  B - an uncursed potion of healing
  e - an uncursed potion of object detection
  J - an uncursed potion of speed
  L - 2 uncursed potions of water
 Wands    ('/')
  m - a cursed wand of cancellation (0:2)
  Y - a cursed wand of enlightenment (0:10)
  s - a wand of fire (0:0)
  n - a wand of lightning (0:1)
  h - a cursed wand of slow monster (0:1)
  E - a wand of stasis (0:4)
  y - a wand of stasis named B/U (0:0)
 Tools    ('(')
  j - an uncursed bag of holding containing 27 items
  I - an uncursed skeleton key
  C - an uncursed towel
  f - a +0 unicorn horn
 Gems/Stones  ('*')
  O - an uncursed luckstone

Contents of the bag of holding:
  an uncursed ring of cold resistance
  a cursed ring of conflict
  an uncursed ring of fire resistance named B/U
  an uncursed +1 ring of gain constitution
  an uncursed ring of invisibility
  an uncursed ring of levitation
  an uncursed ring of poison resistance
  an uncursed ring of polymorph control
  a cursed ring of slow digestion
  an uncursed ring of stealth
  a cursed ring of teleportation
  a cursed ring of teleportation
  an uncursed agate stone
  an uncursed amethyst stone
  2 uncursed diamonds
  an uncursed dilithium crystal
  5 uncursed emeralds
  an uncursed opal
  an uncursed ruby
  an uncursed turquoise stone
  4 uncursed worthless pieces of black glass
  4 uncursed worthless pieces of blue glass
  3 uncursed worthless pieces of green glass
  an uncursed worthless piece of violet glass
  3 uncursed worthless pieces of white glass
  3 uncursed worthless pieces of yellow glass
  an uncursed worthless piece of yellowish brown glass

Galadhan1 the Valkyrie's attributes:

Background:
 You were a Woman-at-arms, a level 10 dwarven Valkyrie.
 You were lawful, on a mission for Tyr
 who was opposed by Odin (neutral) and Loki (chaotic).
 You were left-handed.
 You were in the Dungeons of Doom, on level 12, a very big room.
 You entered the dungeon 14496 turns ago.
 You had 6787 experience points, 3213 more were needed to attain level 11.

Basics:
 You had 0 out of 112 hit points.
 You had all 16 energy points (spell power).
 Your armor class was -5.
 Your wallet contained 2262 zorkmids.
 Autopickup was off.

Final Characteristics:
 Your strength was 18/02 (limit:18/100).
 Your dexterity was 14 (limit:20).
 Your constitution was 20 (limit:20).
 Your intelligence was 8 (limit:16).
 Your wisdom was 11 (limit:16).
 Your charisma was 7 (limit:16).

Final Status:
 You weren't hungry.
 You were unencumbered.
 You were wielding a long sword.
 You had expert skill with long sword.

Final Attributes:
 You were piously aligned.
 You were cold resistant.
 You were poison resistant.
 You were level-drain resistant.
 You were telepathic.
 You had automatic searching.
 You had infravision.
 You were stealthy.
 You were guarded.
 You were fast.
 You were lucky.
 You had extra luck.
 Bad luck did not time out for you.
 Good luck did not time out for you.
 You are dead.

Miscellaneous:
 You encountered 1 bones level.
 Total elapsed playing time was 10 hours, 15 minutes and 46 seconds.

Major events:
 Turn
    1: Galadhan1 the lawful dwarven Valkyrie entered the dungeon
 2144: attained the rank of Skirmisher (level 3)
 3682: attained the rank of Fighter (level 6)
 3783: entered the Gnomish Mines
 4044: reached Mine Town
 4576: found Magicbane on the floor
 8065: entered Sokoban
 8346: was given Excalibur by the Lady of the Lake
11800: attained the rank of Woman-at-arms (level 10)
12509: acquired the Mines' End luckstone
14467: entered the Bigroom
14496: killed by a bolt of lightning zapped by an ogre king

You didn't know any spells.

Skills:
 Fighting Skills
   bare handed combat [Unskilled]
   two weapon combat  [Unskilled]
   riding             [Unskilled]
 Weapon Skills
   dagger             [Basic]
   axe                [Unskilled]
   pick-axe           [Unskilled]
   short sword        [Unskilled]
   broadsword         [Unskilled]
   long sword         [Expert]
   two-handed sword   [Unskilled]
   saber              [Unskilled]
   hammer             [Unskilled]
   quarterstaff       [Unskilled]
   polearms           [Unskilled]
   spear              [Skilled]
   trident            [Unskilled]
   lance              [Unskilled]
   sling              [Unskilled]
 Spellcasting Skills
   attack spells      [Unskilled]
   escape spells      [Unskilled]

Voluntary challenges:
 Character rerolling was not enabled.
 You never genocided any monsters.
 You never polymorphed an object.
 You used no wishes.
 You did not violate any of the special Sokoban rules.
Achievements:
 You entered a shop.
 You attained the rank of Skirmisher.
 You attained the rank of Fighter.
 You entered the Gnomish Mines.
 You entered Minetown.
 You entered a temple.
 You entered Sokoban.
 You attained the rank of Woman-at-arms.
 You completed the Gnomish Mines.
 You entered the Big Room.

 The Dungeons of Doom: levels 1 to 12
    Level 1:
    Level 2:
       Stairs down to The Gnomish Mines.
    Level 3:
       A sink.
    Level 4:
       A wand shop.
    Level 5:
       An armor shop.
    Level 6:
    Level 7:
       Oracle of Delphi.
    Level 8:
       Stairs up to Sokoban, level 7.
    Level 9:
       A potion shop.
    Level 10:
    Level 11:
       A fountain.
    Level 12: <- You were here.
       A very big room.
       Final resting place for
          you, killed by a bolt of lightning zapped by an ogre king.
 The Gnomish Mines: levels 3 to 10
    Level 3:
    Level 4:
    Level 5:
    Level 6:
       Many shops, a temple and an altar, some fountains.
       Final resting place for
          pakka-Val-Dwa-Fem-Law, killed by a priest of Odin, while praying.
    Level 7:
    Level 8:
    Level 9:
    Level 10:
       Some fountains.
 Sokoban:
    Level 7:
       Unsolved.


Vanquished creatures:
 an ice devil
  2 vampires
  a ghost
  2 large mimics
  a hill giant
  a giant zombie
 an elf-noble
  2 water demons
  4 small mimics
  a warhorse
 an ettin mummy
  3 ogre leaders
  a quantum mechanic
  a wood golem
  a flaming sphere
  a shocking sphere
  2 elf mummies
  a human mummy
  a wraith
  2 ettin zombies
  a Grey-elf
  a watchman
 an amorous demon
  a crocodile
  2 giant beetles
  3 quivering blobs
  3 wolves
  a winter wolf cub
  a panther
  3 leprechauns
 an iron piercer
  3 giant spiders
  a scorpion
  a horse
  2 vampire bats
  a forest centaur
  3 ogres
  2 brown puddings
  2 rust monsters
 an owlbear
  a yeti
  a gold golem
  2 werewolves
  a lizard
  2 chickatrices
  2 dogs
  a housecat
  a jaguar
  a black unicorn
  a dust vortex
  a raven
  a plains centaur
  3 gnome mummies
  2 snakes
  6 water moccasins
  3 human zombies
  a rope golem
  2 Woodland-elves
  3 soldier ants
 10 fire ants
  a bugbear
  a quasit
  2 wood nymphs
  a water nymph
  7 Mordor orcs
  3 Uruk-hai
  2 rock piercers
  2 rock moles
  5 ponies
  a fog cloud
  2 yellow lights
  2 shriekers
  a violet fungus
  2 gnome leaders
  4 kobold mummies
  2 gray oozes
 an elf zombie
  5 giant ants
  a little dog
  3 floating eyes
  a kitten
  a dwarf
  a homunculus
  2 kobold leaders
  3 kobold shamans
  a rothe
  a rabid rat
  3 giant bats
  a monkey
 an orc zombie
  2 wererats
  a werejackal
  5 iguanas
  2 acid blobs
  4 gas spores
  3 hobbits
  a giant rat
  4 cave spiders
  a brown mold
  a yellow mold
  a green mold
  a red mold
  7 gnomes
  5 gnome zombies
  5 geckos
  6 jackals
  a fox
  a kobold
  6 goblins
  2 sewer rats
 11 grid bugs
  a bat
  6 lichens
  5 kobold zombies
 10 newts
264 creatures vanquished.

No species were genocided or became extinct.

Game over:
                       ----------
                      /          \
                     /    REST    \
                    /      IN      \
                   /     PEACE      \
                  /                  \
                  |    Galadhan1     |
                  |     2262 Au      |
                  | killed by a bolt |
                  |   of lightning   |
                  |   zapped by an   |
                  |    ogre king     |
                  |       2026       |
                 *|     *  *  *      | *
        _________)/\\_//(\/(/\)/\//\/|_)_______

Farvel Galadhan1 the Valkyrie...

You died in The Dungeons of Doom on dungeon level 12 with 29844 points,
and 2262 pieces of gold, after 14496 moves.
You were level 10 with a maximum of 112 hit points when you died.

